 Dungeon Sprint DCSS version 0.24.0-123-gd5b16e6ec5 (webtiles) character file.

Game seed: 2116407043149056479, levelgen mode: deterministic

27 McKennaii the Skirmisher (level 2, -2/25 HPs)
             Began as a Demonspawn Fighter on Dec 23, 2019.
             Slain by a human (6 damage)
             ... in the Dungeon (Sprint III: "The Ten Rune Challenge").
             The game lasted 00:00:23 (264 turns).

McKennaii the Skirmisher (Demonspawn Fighter)        Turns: 264, Time: 00:00:23

Health: -2/25      AC:  6    Str: 16    XL:     2   Next: 93%
Magic:  2/2        EV:  7    Int:  9    God:
Gold:   0          SH:  9    Dex: 12    Spells: 1/1 levels left

rFire    . . .     SeeInvis .   a - +0 long sword
rCold    . . .     Gourm    .   c - +0 shield
rNeg     . . .     Faith    .   b - +0 scale mail
rPois    .         Spirit   .   (no helmet)
rElec    .         Reflect  .   (no cloak)
rCorr    .         Harm     .   (no gloves)
MR       .....     NoTele   +   (no boots)
Stlth    ..........             (no amulet)
HPRegen  0.08/turn              (no ring)
MPRegen  0.08/turn              (no ring)

@: no status effects
A: spiny 1
a: no special abilities


You were in the Dungeon.
You were not hungry.

You visited 1 branch

Inventory:

Hand Weapons
 a - a +0 long sword (weapon)
Armour
 b - a +0 scale mail (worn)
 c - a +0 shield (worn)
Scrolls
 k - a scroll of blinking
 l - a scroll of amnesia {unknown}
 n - a scroll of fog {unknown}
Potions
 d - a potion of might
 e - a potion of curing
 g - a potion of heal wounds
 h - a potion of haste
 i - 2 potions of magic
 j - a potion of berserk rage
Comestibles
 f - a ration
 m - 3 chunks of flesh


   Skills:
 + Level 4.0 Fighting
 * Level 3.2 Long Blades
 + Level 3.6 Armour
 + Level 0.1 Dodging
 + Level 4.0 Shields


You had one spell level left.
You didn't know any spells.
Your spell library was empty.

Dungeon Overview and Level Annotations

Branches:
Dungeon (1/1)

Altars:


Innate Abilities, Weirdness & Mutations

You are partially covered in sharp spines.


Message History

You miss the human.
The human is severely wounded.
You block the human's attack. The human hits you.
* * * LOW HITPOINT WARNING * * *
You barely miss the human.
The human is severely wounded.
You block the human's attack.
You hit the human.
The human is severely wounded.
You block the human's attack.
You hit the human.
The human is almost dead.
The human hits you but does no damage. The human closely misses you.
You closely miss the human.
The human is almost dead.
You block the human's attack.
You hit the human.
The human is almost dead.
The human hits you.
You die...

▓..# ▓#'####
▓.†...#
▓.....#...≈≈♣..♣
▓.....#..≈≈≈≈..♣
▓####'#..≈≈≈≈≈≈♣
▓..[..#.≈≈≈≈≈≈..
▓.....#.≈≈≈≈≈...
▓.@...#.≈≈≈.....
▓p#####.........
▓......p........
▓▓▓▓▓▓▓▓▓▓▓▓▓▓▓▓


You could see a human.

Vanquished Creatures
  Jessica (D)
  2 rats (D)
3 creatures vanquished.

Vanquished Creatures (others)
  A draconian scorcher (D)
  4 hellions (D)
  A yaktaur (D)
6 creatures vanquished.

Grand Total: 9 creatures vanquished

Notes
Turn   | Place    | Note
-------+----------+-------------------------------------------
     0 | D        | McKennaii the Demonspawn Fighter began the quest for the
                  | Orb.
     0 | D        | Reached XP level 1. HP: 18/18 MP: 1/1
   115 | D        | Killed a hellion
   116 | D        | Killed a hellion
   118 | D        | Killed a hellion
   132 | D        | Noticed Jessica
   141 | D        | Killed Jessica
   141 | D        | Gained mutation: You are partially covered in sharp spines.
                  | [demonic ancestry]
   141 | D        | Reached XP level 2. HP: 19/25 MP: 2/2
   156 | D        | Killed a yaktaur
   158 | D        | Killed a hellion
   252 | D        | Killed a white draconian scorcher
   264 | D        | Slain by a human

Levels and vault maps discovered:
D:        dungeon_sprint_mu [sprint_mu_entry_forest, sprint_mu_temple_rooms,
          sprint_mu_d1_spiders, sprint_mu_d2_genie, sprint_mu_d3_branching,
          sprint_mu_orc_legion, sprint_mu_elf_gauntlet, sprint_mu_hive_nellie,
          sprint_mu_lair_fedhas, sprint_mu_vaults_butterflies,
          sprint_mu_slime_circle, sprint_mu_shoals_kraken,
          sprint_mu_snake_twists, sprint_mu_blade_basic,
          sprint_mu_crypt_fortress, sprint_mu_tomb_spiral,
          sprint_mu_vestibule_basic, sprint_mu_gehenna_hellfire,
          sprint_mu_dis_giant, sprint_mu_tartarus_statrot,
          sprint_mu_cocytus_islands, sprint_mu_zot1]

Skill      XL: |  1 |
---------------+----+-----
Long Blades    | 3 |  3.2
Fighting       | 4 |  4.0
Armour         | 3 |  3.6
Shields        | 4 |  4.0
Dodging        | |  0.1

Action                   || total
-------------------------++-------
Melee: Long sword        ||    42
Armor: Scale mail        ||    12
Dodge: Dodged            ||    10
Block: Shield            ||    21
       Rpst.: Long sword ||     2
